 Dungeon Sprint DCSS version 0.17-a0-957-ga3519be (webtiles) character file.

40746 ahoge the Warrior (level 14, -3/108 HPs)
             Began as a Gargoyle Fighter on May 7, 2015.
             Was the Champion of Okawaru.
             Killed from afar by a frost giant (33 damage)
             ... with a bolt of cold
             ... in the Dungeon (Sprint IX: "|||||||||||||||||||||||||||||").
             The game lasted 00:29:22 (3205 turns).

ahoge the Warrior (Gargoyle Fighter)                Turns: 3205, Time: 00:29:22

Health: -3/108     AC: 46    Str: 23    XL:     14   Next: 12%
Magic:  14/22      EV: 17    Int: 13    God:    Okawaru [******]
Gold:   1908       SH: 15    Dex: 13    Spells: 0 memorised, 13 levels left

rFire  x . .     SeeInvis .     b - +4 morningstar (crush)
rCold  . . .     Clarity  .     K - +8 plate armour of the Bagpipe {rElec rPois rF-}
rNeg   + . .     SustAb   .     c - +0 shield
rPois  ∞         Gourm    .     J - +1 hat {Int+3}
rElec  +         Spirit   .     r - +0 cloak
rCorr  .         Warding  .     I - +1 pair of gloves
rMut   .         NoTele   +     H - +1 pair of boots {Stlth+}
MR     +....                    (no amulet)
Stlth  ..........               v - +2 ring of evasion
                                u - +3 ring of strength

@: heroism, finesse, somewhat resistant to hostile enchantments, extremely
unstealthy
A: big wings, negative energy resistance 1, electricity resistance, unbreathing,
petrification resistance, rot immunity, AC +9
a: Fly, Heroism, Finesse, Renounce Religion


You were in the Dungeon.
You worshipped Okawaru.
Okawaru was exalted by your worship.
You were not hungry.

You visited 1 branch You collected 1908 gold pieces.

Inventory:

Hand weapons
 a - a +0 flail
 b - a +4 morningstar of crushing (weapon)
 q - a +2 dire flail of crushing
Armour
 c - a +0 shield (worn)
 r - a +0 cloak (worn)
 s - the +5 scale mail "Ysacueti" {-Tele rN++ Dex+6}
   (You found it in the Dungeon)

   It affects your dexterity (+6).
   It greatly protects you from negative energy.
   It prevents most forms of teleportation.
 G - a +1 helmet
 H - a +1 pair of boots of stealth (worn)
 I - a +1 pair of gloves (worn)
 J - a +1 hat of intelligence (worn)
 K - the +8 plate armour of the Bagpipe (worn) {rElec rPois rF-}
   (Okawaru gifted it to you in the Dungeon)

   It makes you vulnerable to fire.
   It insulates you from electricity.
   It protects you from poison.
Jewellery
 m - an uncursed ring of protection from magic
 u - a +3 ring of strength (left hand)
 v - a +2 ring of evasion (right hand)
 E - an uncursed ring of protection from fire
 F - an uncursed ring of ice
Magical devices
 p - a wand of cold (7)
 z - a wand of digging (8)
Scrolls
 k - 2 scrolls of blinking
 n - 6 scrolls of remove curse
 o - 2 scrolls of amnesia
 w - 5 scrolls of enchant weapon
 x - 2 scrolls of enchant armour
 y - a scroll of identify
 D - 2 scrolls of fog
Potions
 d - a potion of might
 f - 5 potions of curing
 g - a potion of invisibility
 h - 4 potions of haste
 i - 4 potions of magic
 j - 3 potions of berserk rage
 A - a potion of cure mutation
Comestibles
 e - 12 bread rations
 B - 40 fruits
 C - 12 meat rations


   Skills:
 * Level 20.6(25.6) Fighting
 + Level 18.5(23.5) Maces & Flails
 * Level 17.5(22.5) Armour
 * Level 11.5(16.5) Dodging
 + Level 2.3(7.3) Stealth
 + Level 12.8(17.8) Shields
 + Level 11.2 Invocations


You had 13 spell levels left.
You didn't know any spells.

Dungeon Overview and Level Annotations

Branches:
Dungeon (1/1)

Altars:
Cheibriados
Dithmenos
Elyvilon
Fedhas
Gozag
Kikubaaqudgha
Makhleb
Nemelex Xobeh
Okawaru
Qazlal
Ru
Sif Muna
Trog
Vehumet
Xom
Yredelemnul
Zin
The Shining One
Beogh
Jiyva
Lugonu

Shops:
D *?(=


Innate Abilities, Weirdness & Mutations

You are resistant to torment.
Your stone body is resilient (AC +9).
You are immune to poison.
Your large and strong wings let you fly indefinitely.
You resist negative energy.
You are resistant to electric shocks.
You can survive without breathing.
You are immune to petrification.
You are immune to rotting.


Message History

You are too injured to fight recklessly!
You are too injured to fight recklessly!
You are too injured to fight recklessly!
You are too injured to fight recklessly!
You are too injured to fight recklessly!
You are too injured to fight recklessly!
You are too injured to fight recklessly!
You are too injured to fight recklessly!
You are too injured to fight recklessly!
You are too injured to fight recklessly!
You are too injured to fight recklessly!
You are too injured to fight recklessly!
You are too injured to fight recklessly!
You are too injured to fight recklessly!
You are too injured to fight recklessly!
Drink which item? (? for menu, Esc to quit)
You feel much better.
The frost giant points at you and mumbles some strange words.
The bolt of cold hits you!
You die...

.▓.▓)▓)▓.▓.▓.▓.▓
%▓.▓)▓.▓.▓.▓.▓.▓W▓
÷▓.▓)▓.▓[▓.▓.▓.▓G▓
.▓.▓)▓.▓[▓.▓(▓.▓C▓
.▓.▓)▓.▓[▓.▓.▓.▓C▓
.▓.▓)▓.▓[▓.▓(▓.▓D▓
.▓.▓)▓.▓[▓.▓.▓.▓Q▓
.▓.▓.▓.▓[▓.▓)▓.▓C▓
.▓.▓.▓.▓[▓.▓'▓.▓@▓
.▓.▓.▓.▓[▓.▓.▓.▓†▓
.▓.▓.▓.▓.▓.▓.▓.▓[▓
.▓.▓.▓.▓)▓.▓.▓.▓)▓
÷▓.▓.▓.▓)▓.▓.▓.▓(▓
.▓.▓)▓.▓)▓.▓.▓.▓†▓
.▓.▓)▓.▓)▓.▓.▓.▓)▓
.▓.▓.▓.▓)▓.▓.▓.▓(▓
.▓.▓[▓.▓)▓.▓.▓.▓'▓


You could see a storm dragon, a frost giant, a stone giant, a great orb of eyes,
an ettin, a flayed ghost and a tengu warrior.

Vanquished Creatures
  A frost giant (D)
  5 stone giants (D)
  Snorg (D)
  A great orb of eyes (D)
  A rakshasa (D)
  An entropy weaver (D)
  2 hydras (D)
  An ice dragon (D)
  An anaconda (D)
  A centaur warrior (D)
  Erolcha (D)
  2 alligators (D)
  A tengu warrior (D)
  A shock serpent (D)
  A deep troll shaman (D)
  A spriggan berserker (D)
  4 orc high priests (D)
  An unseen horror (D)
  A sea snake (D)
  2 wizards (D)
  14 orc knights (D)
  An orb spider (D)
  A hornet (D)
  2 moths of wrath (D)
  A manticore (D)
  A griffon (D)
  2 cyclopes (D)
  A water nymph (D)
  4 black mambas (D)
  A rust devil (D)
  2 guardian serpents (D)
  Psyche (D)
  A komodo dragon (D)
  A fire drake (D)
  4 spiny frogs (D)
  A yaktaur (D)
  A yaktaur (shapeshifter) (D)
  2 merfolk (D)
  A snapping turtle (D)
  A blink frog (D)
  A redback (D)
  A tarantella (D)
  A trapdoor spider (D)
  A water elemental (D)
  A human (shapeshifter) (D)
  Eustachio (D)
  A yak (D)
  2 vampire mosquitoes (D)
  A hippogriff (D)
  A hungry ghost (D)
  3 wargs (D)
  A hell hound (D)
  4 wolves (D)
  A naga (D)
  3 porcupines (D)
  6 water moccasins (D)
  8 orc warriors (D)
  A spider (D)
  An eye of draining (D)
  A swamp drake (D)
  An ice beast (D)
  A crocodile (D)
  A phantom (D)
  An ogre (D)
  A giant frog (D)
  A crimson imp (D)
  A wight (D)
  An iguana (D)
  4 orc priests (D)
  4 orc wizards (D)
  2 worker ants (D)
  A river rat (D)
  An adder zombie (D)
  7 orcs (D)
  2 bat skeletons (D)
  A hobgoblin (D)
  A giant cockroach (D)
  A giant cockroach simulacrum (D)
  A goblin (D)
  2 kobolds (D)
  3 rats (D)
151 creatures vanquished.

Vanquished Creatures (others)
  A plant (D)
1 creature vanquished.

Grand Total: 152 creatures vanquished

Notes
Turn   | Place    | Note
--------------------------------------------------------------
     0 | D        | ahoge, the Gargoyle Fighter, began the quest for the Orb.
     0 | D        | Reached XP level 1. HP: 14/14 MP: 1/1
    15 | D        | Reached skill level 4 in Fighting
    44 | D        | Noticed an orc wizard
    44 | D        | Noticed an ogre
    44 | D        | Noticed a phantom
    44 | D        | Noticed a worker ant
    52 | D        | Killed a worker ant
    52 | D        | Reached skill level 5 in Fighting
    52 | D        | Reached skill level 5 in Armour
    52 | D        | Reached XP level 2. HP: 13/21 MP: 2/2
    55 | D        | Killed an ogre
    55 | D        | Reached skill level 7 in Fighting
    55 | D        | Reached skill level 1 in Dodging
    55 | D        | Reached XP level 3. HP: 15/28 MP: 3/3
    55 | D        | Reached XP level 4. HP: 18/34 MP: 4/4
    66 | D        | Killed an orc wizard
    66 | D        | Reached XP level 5. HP: 28/39 MP: 5/5
    77 | D        | Killed a phantom
    77 | D        | Reached skill level 9 in Fighting
    88 | D        | Found a glowing silver altar of Zin.
    88 | D        | Found a glowing golden altar of the Shining One.
    88 | D        | Found an ancient bone altar of Kikubaaqudgha.
    88 | D        | Found a basalt altar of Yredelemnul.
    88 | D        | Found a shimmering altar of Xom.
    88 | D        | Found a radiant altar of Vehumet.
    89 | D        | Found an iron altar of Okawaru.
    90 | D        | Found a burning altar of Makhleb.
    91 | D        | Found a deep blue altar of Sif Muna.
    92 | D        | Found a bloodstained altar of Trog.
    93 | D        | Found a sparkling altar of Nemelex Xobeh.
    94 | D        | Found a white marble altar of Elyvilon.
    95 | D        | Found a roughly hewn altar of Beogh.
    96 | D        | Found a viscous altar of Jiyva.
    97 | D        | Found a corrupted altar of Lugonu.
    99 | D        | Became a worshipper of Warmaster Okawaru
   101 | D        | Found a blossoming altar of Fedhas.
   102 | D        | Found a snail-covered altar of Cheibriados.
   103 | D        | Found a shadowy altar of Dithmenos.
   104 | D        | Found a stormy altar of Qazlal.
   105 | D        | Found an opulent altar of Gozag.
   106 | D        | Found a sacrificial altar of Ru.
   203 | D        | Noticed an iguana
   203 | D        | Noticed a crocodile
   203 | D        | Noticed a hippogriff
   209 | D        | Killed a hippogriff
   209 | D        | Reached XP level 6. HP: 35/48 MP: 6/6
   219 | D        | Killed a crocodile
   219 | D        | Acquired Okawaru's first power
   219 | D        | Reached skill level 10 in Fighting
   219 | D        | Reached skill level 10 in Armour
   219 | D        | Reached skill level 5 in Shields
   221 | D        | Killed an iguana
   221 | D        | Reached XP level 7. HP: 30/53 MP: 7/7
   358 | D        | Noticed a cyclops
   358 | D        | Noticed a hungry ghost
   358 | D        | Noticed a wight
   358 | D        | Noticed a worker ant
   361 | D        | Killed a worker ant
   365 | D        | Killed a wight
   372 | D        | Killed a hungry ghost
   372 | D        | Reached skill level 5 in Maces & Flails
   381 | D        | Killed a cyclops
   381 | D        | Reached skill level 11 in Fighting
   381 | D        | Reached XP level 8. HP: 36/60 MP: 6/8
   607 | D        | Noticed a yak
   607 | D        | Noticed a giant frog
   607 | D        | Noticed a porcupine
   607 | D        | Noticed a five-headed hydra
   607 | D        | Noticed a water moccasin
   607 | D        | Noticed a water moccasin
   615 | D        | Killed a water moccasin
   619 | D        | Noticed a water moccasin
   627 | D        | Killed a five-headed hydra
   627 | D        | Reached skill level 12 in Fighting
   627 | D        | Reached skill level 5 in Dodging
   627 | D        | Reached skill level 1 in Invocations
   627 | D        | Reached XP level 9. HP: 35/66 MP: 7/10
   630 | D        | Noticed a spiny frog
   635 | D        | Killed a water moccasin
   639 | D        | Killed a porcupine
   641 | D        | Killed a giant frog
   648 | D        | Killed a yak
   658 | D        | Killed a water moccasin
   669 | D        | Killed a spiny frog
   669 | D        | Reached skill level 13 in Fighting
   669 | D        | Reached skill level 10 in Maces & Flails
   880 | D        | Noticed a water moccasin
   880 | D        | Noticed a water moccasin
   880 | D        | Noticed a spiny frog
   880 | D        | Noticed a fire drake
   880 | D        | Noticed a komodo dragon
   880 | D        | Noticed a blink frog
   882 | D        | Noticed a porcupine
   883 | D        | Killed a blink frog
   891 | D        | Noticed a porcupine
   891 | D        | Killed a komodo dragon
   896 | D        | Killed a fire drake
   896 | D        | Reached XP level 10. HP: 52/73 MP: 9/12
   900 | D        | Killed a spiny frog
   903 | D        | Killed a water moccasin
   910 | D        | Killed a water moccasin
   915 | D        | Killed a porcupine
   917 | D        | Killed a porcupine
  1032 | D        | Noticed a water moccasin
  1038 | D        | Killed a water moccasin
  1038 | D        | Reached skill level 14 in Fighting
  1044 | D        | Noticed a warg
  1044 | D        | Noticed a warg
  1044 | D        | Noticed a wolf
  1044 | D        | Noticed a wolf
  1044 | D        | Noticed a warg
  1045 | D        | Noticed a wolf
  1049 | D        | Noticed a hell hound
  1050 | D        | Killed a warg
  1055 | D        | Killed a warg
  1059 | D        | Noticed a wolf
  1059 | D        | Killed a warg
  1062 | D        | Killed a wolf
  1063 | D        | Killed a wolf
  1063 | D        | Acquired Okawaru's second power
  1069 | D        | Killed a hell hound
  1078 | D        | Killed a wolf
  1084 | D        | Killed a wolf
  1154 | D        | Noticed Psyche
  1164 | D        | Killed Psyche
  1247 | D        | Noticed an orc wizard
  1247 | D        | Noticed an orc wizard
  1247 | D        | Noticed an orc wizard
  1249 | D        | Noticed an orc priest
  1252 | D        | Killed an orc wizard
  1254 | D        | Killed an orc wizard
  1257 | D        | Killed an orc wizard
  1260 | D        | Noticed an orc priest
  1261 | D        | Killed an orc priest
  1267 | D        | Noticed an orc priest
  1270 | D        | Killed an orc priest
  1279 | D        | Killed an orc priest
  1375 | D        | Noticed an orc warrior
  1375 | D        | Noticed an orc warrior
  1375 | D        | Noticed an orc warrior
  1375 | D        | Noticed an orc warrior
  1375 | D        | Noticed an orc warrior
  1375 | D        | Noticed an orc warrior
  1380 | D        | Killed an orc warrior
  1385 | D        | Killed an orc warrior
  1386 | D        | Noticed an orc priest
  1387 | D        | Noticed an orc knight
  1392 | D        | Killed an orc warrior
  1393 | D        | Killed an orc warrior
  1393 | D        | Reached skill level 5 in Invocations
  1394 | D        | Noticed an orc knight
  1398 | D        | Noticed an orc high priest
  1398 | D        | Killed an orc warrior
  1400 | D        | Noticed an orc warrior
  1402 | D        | Killed an orc warrior
  1403 | D        | Noticed an orc warrior
  1411 | D        | Killed an orc knight
  1411 | D        | Reached skill level 15 in Fighting
  1411 | D        | Reached XP level 11. HP: 37/81 MP: 8/15
  1429 | D        | Killed an orc knight
  1432 | D        | Killed an orc priest
  1442 | D        | Killed an orc high priest
  1447 | D        | Killed an orc warrior
  1447 | D        | Received a gift from Okawaru
  1455 | D        | Killed an orc warrior
  1675 | D        | Found Qetem's Jewellery Boutique.
  1675 | D        | Noticed an orc high priest
  1675 | D        | Noticed an orc knight
  1675 | D        | Noticed an orc knight
  1675 | D        | Noticed an orc knight
  1675 | D        | Noticed an orc knight
  1676 | D        | Noticed an ice devil
  1687 | D        | Killed an orc knight
  1688 | D        | Noticed an orc knight
  1700 | D        | Killed an orc knight
  1703 | D        | Killed an orc knight
  1710 | D        | Killed an orc knight
  1711 | D        | Found Zumashenk's Weapon Shop.
  1715 | D        | Noticed an orc knight
  1720 | D        | Noticed an orc knight
  1724 | D        | Killed an orc high priest
  1724 | D        | Reached skill level 16 in Fighting
  1725 | D        | Found Gager Ynunn's Magic Scroll Boutique.
  1726 | D        | Noticed an orc knight
  1735 | D        | Killed an orc knight
  1750 | D        | Noticed an orc high priest
  1755 | D        | Killed an orc knight
  1755 | D        | Reached skill level 10 in Shields
  1756 | D        | Found Jahuzewu's Assorted Antiques.
  1759 | D        | Noticed an orc knight
  1765 | D        | Killed an orc knight
  1769 | D        | Noticed an orc knight
  1772 | D        | Killed an orc knight
  1776 | D        | Noticed a sun demon
  1786 | D        | Killed an orc high priest
  1797 | D        | Killed an orc knight
  1808 | D        | Killed an orc knight
  1808 | D        | Reached skill level 17 in Fighting
  1808 | D        | Reached XP level 12. HP: 59/91 MP: 17/17
  1809 | D        | Noticed an orc high priest
  1819 | D        | Killed an orc high priest
  1819 | D        | Reached skill level 15 in Maces & Flails
  1819 | D        | Reached skill level 15 in Armour
  1984 | D        | Noticed Erolcha
  1994 | D        | Killed Erolcha
  2138 | D        | Got the +5 scale mail "Ysacueti" {-Tele rN++ Dex+6}
  2193 | D        | Noticed a rakshasa
  2193 | D        | Noticed an ice beast
  2193 | D        | Noticed an orc knight
  2193 | D        | Noticed an eye of draining
  2193 | D        | Noticed an orc knight
  2202 | D        | Killed an orc knight
  2203 | D        | Noticed a tengu warrior
  2205 | D        | Killed an eye of draining
  2206 | D        | Noticed a deep troll shaman
  2214 | D        | Killed an orc knight
  2216 | D        | Killed an ice beast
  2217 | D        | Noticed a wizard
  2229 | D        | Killed a rakshasa
  2230 | D        | Noticed a wizard
  2233 | D        | Noticed a stone giant
  2235 | D        | Killed an unseen horror
  2236 | D        | Noticed a stone giant
  2245 | D        | Killed a tengu warrior
  2249 | D        | Killed a deep troll shaman
  2249 | D        | Reached skill level 18 in Fighting
  2253 | D        | Noticed a stone giant
  2260 | D        | Killed a stone giant
  2260 | D        | Received a gift from Okawaru
  2261 | D        | Noticed a stone giant
  2264 | D        | Killed a wizard
  2274 | D        | Killed a stone giant
  2283 | D        | Killed a wizard
  2291 | D        | Killed a stone giant
  2297 | D        | Killed a stone giant
  2297 | D        | Reached XP level 13. HP: 74/99 MP: 7/19
  2428 | D        | Noticed Eustachio
  2437 | D        | Killed Eustachio
  2462 | D        | Noticed Snorg
  2479 | D        | Killed Snorg
  2479 | D        | Reached skill level 10 in Dodging
  2517 | D        | Noticed an anaconda
  2517 | D        | Noticed a black mamba
  2517 | D        | Noticed a black mamba
  2517 | D        | Noticed a black mamba
  2517 | D        | Noticed a shock serpent
  2517 | D        | Noticed a black mamba
  2521 | D        | Noticed a guardian serpent
  2525 | D        | Killed a shock serpent
  2525 | D        | Reached skill level 19 in Fighting
  2531 | D        | Noticed a guardian serpent
  2532 | D        | Killed a black mamba
  2540 | D        | Killed an anaconda
  2541 | D        | Noticed a naga
  2544 | D        | Killed a black mamba
  2546 | D        | Killed a black mamba
  2551 | D        | Killed a naga
  2557 | D        | Killed a black mamba
  2559 | D        | Killed a guardian serpent
  2563 | D        | Killed a guardian serpent
  2563 | D        | Reached skill level 10 in Invocations
  2585 | D        | Noticed a manticore
  2585 | D        | Noticed a merfolk
  2585 | D        | Noticed a griffon
  2585 | D        | Noticed a water elemental
  2585 | D        | Noticed a water nymph
  2585 | D        | Noticed a merfolk
  2586 | D        | Noticed a snapping turtle
  2588 | D        | Killed a merfolk
  2589 | D        | Noticed a sea snake
  2596 | D        | Killed a water nymph
  2604 | D        | Noticed a cyclops
  2607 | D        | Killed a griffon
  2607 | D        | Received a gift from Okawaru
  2609 | D        | Killed a water elemental
  2614 | D        | Killed a merfolk
  2617 | D        | Killed a manticore
  2625 | D        | Killed a snapping turtle
  2634 | D        | Killed a sea snake
  2639 | D        | Killed a cyclops
  2653 | D        | Got an emerald-studded plate armour {god gift}
  2665 | D        | Identified the +8 plate armour of the Bagpipe {rElec rPois rF-} (Okawaru gifted it to you in the Dungeon)
  2823 | D        | Noticed an entropy weaver
  2823 | D        | Noticed a redback
  2823 | D        | Noticed a moth of wrath
  2823 | D        | Noticed an orb spider
  2823 | D        | Noticed a hornet
  2824 | D        | Noticed a trapdoor spider
  2828 | D        | Killed a hornet
  2830 | D        | Noticed a tarantella
  2834 | D        | Noticed a spider
  2839 | D        | Killed a trapdoor spider
  2840 | D        | Noticed a moth of wrath
  2843 | D        | Killed an orb spider
  2849 | D        | Killed a moth of wrath
  2851 | D        | Killed a redback
  2867 | D        | Killed an entropy weaver
  2869 | D        | Killed a tarantella
  2871 | D        | Killed a spider
  2880 | D        | Killed a moth of wrath
  2902 | D        | Noticed a vampire mosquito
  2902 | D        | Noticed a spiny frog
  2902 | D        | Noticed a vampire mosquito
  2902 | D        | Noticed a spiny frog
  2902 | D        | Noticed an alligator
  2903 | D        | Noticed a seven-headed hydra
  2905 | D        | Killed an alligator
  2907 | D        | Killed a spiny frog
  2908 | D        | Noticed an alligator
  2914 | D        | Killed a vampire mosquito
  2918 | D        | Noticed a swamp drake
  2918 | D        | Killed a spiny frog
  2923 | D        | Killed a seven-headed hydra
  2926 | D        | Killed a vampire mosquito
  2933 | D        | Killed an alligator
  2933 | D        | Reached skill level 20 in Fighting
  2934 | D        | Killed a swamp drake
  3122 | D        | Noticed a spriggan berserker
  3122 | D        | Noticed a yaktaur
  3122 | D        | Noticed a great orb of eyes
  3122 | D        | Noticed a human
  3122 | D        | Noticed a stone giant
  3122 | D        | Noticed a centaur warrior
  3125 | D        | Noticed a yaktaur
  3133 | D        | Killed a stone giant
  3133 | D        | Reached skill level 1 in Stealth
  3134 | D        | Noticed an ice dragon
  3138 | D        | Killed a centaur warrior
  3139 | D        | Noticed a tengu warrior
  3140 | D        | Noticed a frost giant
  3144 | D        | Killed a human
  3147 | D        | Paralysed by a great orb of eyes for 7 turns
  3157 | D        | Killed a great orb of eyes
  3157 | D        | Gained mutation: Your large and strong wings let you fly indefinitely. [Gargoyle growth]
  3157 | D        | Reached XP level 14. HP: 101/108 MP: 10/22
  3158 | D        | Noticed a frost giant
  3162 | D        | Killed a yaktaur
  3172 | D        | Noticed a storm dragon
  3179 | D        | Killed a spriggan berserker
  3180 | D        | Noticed a stone giant
  3184 | D        | Killed a yaktaur
  3185 | D        | Noticed an ettin
  3192 | D        | Killed an ice dragon
  3192 | D        | Received a gift from Okawaru
  3193 | D        | Noticed a great orb of eyes
  3201 | D        | Killed a frost giant
  3202 | D        | Noticed a flayed ghost
  3205 | D        | Killed from afar by a frost giant

Action                   |  1- 3 |  4- 6 |  7- 9 | 10-12 | 13-15 || total
-------------------------+-------+-------+-------+-------+-------++-------
Melee: Flail             |    25 |    17 |       |       |       ||    42
       Dire flail        |       |    18 |    92 |   162 |       ||   272
       Morningstar       |       |       |       |   213 |   253 ||   466
Invok: Heroism           |       |       |     3 |     7 |     4 ||    14
       Finesse           |       |       |       |     5 |     5 ||    10
  Use: Potion            |       |     1 |     1 |     5 |     2 ||     9
 Stab: Confused          |       |       |       |       |     3 ||     3
  Eat: Chunk             |       |       |     2 |     6 |     1 ||     9
       Bread ration      |       |       |       |       |     1 ||     1
